Map: Catalyst LE

Players

Neiluj - Winner!

  • Race: Terran Terran
  • League: Diamond
  • Spawn Location: 11:00

Marzbar

  • Race: Zerg Zerg
  • League: Diamond
  • Spawn Location: 5:00

VOD

Have the link to the VOD?

Description

Time

  • Played on: June 12, 2018, 2:02 a.m.
  • Length: 8:25
Show
View Real Time Build Order
Export as new Build Order

Neiluj Terran - Winner!

Build Orders: Reaper Expand 

Get SALT Encoding   

  12  0:00  SCV  
  13  0:12  SCV  
  14  0:17  Supply Depot  
  14  0:25  SCV  
  14  0:28  Refinery  
  15  0:38  SCV  
  16  0:45  Barracks  
  16  0:50  SCV  
  17  1:03  SCV  
  18  1:15  SCV  
  19  1:32  Orbital Command  
  19  1:34  Reaper  
  20  1:45  Command Center  
  20  1:58  SCV  
  21  2:01  Factory  
  21  2:08  Barracks Reactor  
  21  2:10  SCV  
  22  2:20  Supply Depot  
  22  2:21  Supply Depot  
  22  2:22  SCV  
  23  2:41  SCV  
  24  2:53  SCV  
  24  3:02  Orbital Command  
  24  3:03  Barracks Tech Lab  
  24  3:04  Refinery  
  24  3:05  Hellion x2  
  28  3:08  SCV  
  28  3:09  Refinery  
  29  3:21  SCV  
  29  3:24  Refinery  
  30  3:30  Hellion x2  
  30  3:33  SCV  
  35  3:56  Barracks Tech Lab, Armory  
  35  3:58  Starport  
  35  3:59  Ghost Academy  
  35  4:03  SCV x2  
  37  4:11  Hellion  
  37  4:12  Hellion  
  37  4:15  SCV x2  
  43  4:27  SCV x2  
  45  4:32  Hellion  
  45  4:33  Hellion  
  45  4:34  Ghost  
  51  4:38  Medivac  
  51  4:45  Terran Vehicle Weapons Level 1  
  53  4:46  SCV  
  54  4:54  Supply Depot  
  54  4:57  Supply Depot  
  54  5:01  Supply Depot  
  54  5:16  Hellion x2, SCV x2  
  54  5:19  Fusion Core  
  60  5:24  Ghost  
  60  5:28  SCV  
  63  5:29  Medivac  
  63  5:35  Personal Cloaking  
  65  5:37  SCV  
  66  5:43  Cyclone  
  66  5:48  Cyclone  
  72  5:52  Ghost  
  72  5:54  SCV  
  72  5:56  SCV  
  76  6:05  Supply Depot  
  76  6:06  Supply Depot  
  76  6:10  Liberator  
  76  6:23  Ghost  
  78  6:26  SCV x2, Cyclone x2  
  89  6:39  SCV x2  
  91  6:46  Command Center  
  91  6:51  SCV x2  
  89  7:33  Cyclone  
  92  7:49  Ghost  
Show
View Real Time Build Order
Export as new Build Order

Marzbar Zerg 

Build Orders: Hatch First 

Get SALT Encoding   

  12  0:01  Drone  
  13  0:13  Overlord  
  13  0:20  Drone  
  14  0:32  Drone x2  
  16  0:36  Drone  
  17  0:55  Hatchery  
  16  0:58  Drone  
  16  0:59  Drone  
  16  1:01  Extractor  
  17  1:15  Spawning Pool  
  16  1:19  Drone  
  16  1:24  Drone  
  18  1:30  Drone  
  19  1:40  Overlord  
  19  1:49  Drone  
  20  2:02  Queen  
  20  2:08  Queen  
  22  2:09  Zergling x4  
  22  2:10  Metabolic Boost  
  22  2:14  Drone  
  27  2:17  Drone  
  27  2:22  Drone  
  29  2:28  Drone  
  30  2:43  Hatchery  
  29  2:56  Queen  
  29  2:57  Queen  
  33  3:08  Drone  
  33  3:09  Overlord, Drone  
  33  3:10  Overlord  
  35  3:13  Drone  
  36  3:28  Drone x6  
  36  3:29  Drone  
  43  3:41  Drone x2  
  43  3:55  Zergling x8  
  47  3:59  Evolution Chamber  
  47  4:02  Drone  
  47  4:03  Drone x4  
  47  4:06  Queen, Overlord  
  53  4:11  Zergling x2  
  54  4:26  Zerg Melee Weapons Level 1  
  54  4:30  Evolution Chamber  
  53  4:31  Extractor  
  53  4:33  Baneling Nest  
  53  4:38  Queen  
  53  4:39  Drone  
  53  4:40  Drone x9  
  53  4:41  Queen  
  65  4:53  Drone  
  65  4:57  Overlord x2  
  65  5:28  Lair  
  65  5:31  Drone  
  65  5:32  Drone x2  
  65  5:33  Drone x2  
  65  5:34  Drone  
  72  5:35  Drone x2  
  72  5:36  Overlord, Drone  
  72  5:39  Spore Crawler  
  72  5:40  Spore Crawler  
  72  5:41  Spore Crawler  
  72  5:42  Zerg Missile Weapons Level 1  
  71  5:44  Drone x3  
  71  5:45  Overlord  
  71  5:46  Zergling x14  
  71  5:49  Baneling x2  
  81  6:07  Extractor  
  80  6:11  Drone x2  
  80  6:12  Extractor, Overlord x2, Drone x4  
  80  6:13  Zergling x2  
  80  6:14  Zergling x8  
  80  6:16  Extractor  
  80  6:18  Extractor  
  88  6:30  Overseer  
  88  6:31  Overseer  
  87  6:42  Drone x5  
  87  6:44  Drone x3  
  87  6:45  Drone  
  96  6:48  Drone x3  
  96  6:52  Baneling  
  99  6:57  Zergling x14  
  88  7:08  Zergling x2  
  88  7:09  Zergling x4  
  88  7:15  Zergling x14  
  86  7:17  Baneling  
  76  7:24  Zergling x2  
  76  7:25  Zergling x6  
  53  7:38  Zergling x2  
  53  7:39  Zergling x4  
  53  7:46  Spine Crawler  
  53  7:47  Spine Crawler x2  
  53  7:49  Zergling x2  
  44  8:10  Spine Crawler x2  
Tags
 
Add a new tag
Caveats
  • Supply blocks, unpowered buildings, or Contaminate may cause inaccurate times.
  • Supply counts are checked every 10 seconds.